 Dungeon Crawl Stone Soup version 0.30-a0-223-gcb0039aa0c (webtiles) character file.

Game seed: 6962688800008602278

19 greasedhog the Cudgeller (level 2, 0/5 (18) HPs)
             Began as a Gargoyle Reaver on Oct 9, 2022.
             Slain by a goblin
             ... wielding a +0 club
              (1 damage)
             ... on level 1 of the Dungeon.
             The game lasted 00:01:18 (296 turns).

greasedhog the Cudgeller (Gargoyle Reaver)           Turns: 296, Time: 00:01:18

HP:   0/5 (18)      AC:  5    Str: 15    XL:     2   Next: 75%
MP:   5/5           EV: 11    Int: 13    God:
Gold: 15            SH:  0    Dex:  8    Spells: 4/5 levels left

rFire   . . .      SeeInvis .    a - +0 mace
rCold   . . .      Faith    .    (no shield)
rNeg    + . .      Spirit   .    b - +0 leather armour
rPois   ∞          Reflect  .    (no helmet)
rElec   +          Harm     .    (no cloak)
rCorr   .          Rampage  .    (no gloves)
Will    .....                    (no boots)
Stlth   +.........               (no amulet)
HPRegen 0.20/turn                (no ring)
MPRegen 0.09/turn                (no ring)

@: extremely drained
A: sickness immunity, AC +2, negative energy resistance 1, electricity
resistance, torment resistance 1, petrification resistance
a: no special abilities


You were on level 1 of the Dungeon.
You visited 1 branch of the dungeon, and saw 1 of its levels.

You collected 15 gold pieces.

Inventory:

Hand Weapons
 a - a +0 mace (weapon)
Armour
 b - a +0 leather armour (worn)
Scrolls
 c - a scroll of fear {unknown}
 d - a scroll of acquirement {unknown}
 e - a scroll of identify {unknown}


   Skills:
 * Level 2.9 Fighting
 * Level 3.4 Maces & Flails
 - Level 1.5 Dodging
 - Level 2.0 Spellcasting
 - Level 3.3 Conjurations


You had 4 spell levels left.
You knew the following spells:

 Your Spells              Type           Power      Damage    Failure   Level
a - Kiss of Death         Conj/Necr      20%        2d7       16%         1

Your spell library contained the following spells:

 Spells                   Type           Power      Damage    Failure   Level
 Momentum Strike          Conj/Tloc      10%        3d8       24%         2
 Hailstorm                Conj/Ice       5%         3d4       43%         3


Dungeon Overview and Level Annotations

Branches:
Dungeon (1/15)

Altars:


Innate Abilities, Weirdness & Mutations

You are immune to sickness and miasma.
Your stone body is resilient. (AC +2)
You are immune to poison.
You resist negative energy. (rN+)
You are resistant to electric shocks. (rElec)
You are resistant to unholy torment.
You are immune to petrification.


Message History

Aim: a kobold, wielding a +0 dagger (100% to hit)
You miscast Kiss of Death.
You are very lightly contaminated with residual magic.
Nothing appears to happen.
The kobold closely misses you.
Unknown command.
You hit the kobold but do no damage. The kobold misses you.
You barely miss the kobold. The kobold misses you.
The kobold hits you but does no damage.
You barely miss the kobold. The kobold barely misses you.
The goblin attacks as you move away! The goblin barely misses you.
The kobold attacks as you move away! The kobold barely misses you.
The kobold hits you but does no damage.
Your magical contamination has completely faded away.
You hit the kobold.
The kobold is moderately wounded.
The kobold barely misses you.
You hit the kobold.
You kill the kobold!
You barely miss the goblin. The goblin misses you.
The goblin hits you with a +0 club.
Ouch! That really hurt!
You barely miss the goblin. The goblin closely misses you.
Casting: Kiss of Death (safe; 16% risk of failure)
Confirm with . or Enter, or press ? or * to list all spells.
Okay, then.
You hit the goblin.
The goblin is moderately wounded.
The goblin hits you but does no damage.
You closely miss the goblin.
The goblin is moderately wounded.
The goblin hits you but does no damage.
You barely miss the goblin.
The goblin is moderately wounded.
The goblin hits you with a +0 club.
* * * LOW HITPOINT WARNING * * *
The goblin misses you.
You closely miss the goblin.
The goblin is moderately wounded.
The goblin hits you with a +0 club.
You die...

#......#...## ###
#..#####.#.# #.#
....# ####.. ###.## #
#.... #.# ###
##.###... ..######..
#.......##
#####.##......#
#..####..............
##.g@)..........8...8
####.............#..
#............###.
#............)#..
#...........8†..8
#.............#..
##...........###.
##...........#..
#######.#.8...8


You could see a goblin.

Vanquished Creatures
  An endoplasm (D:1)
  A hobgoblin (D:1)
  4 jackals (D:1)
  A quokka (D:1)
  A ball python (D:1)
  A bat (D:1)
  A frilled lizard (D:1)
  4 goblins (D:1)
  5 kobolds (D:1)
19 creatures vanquished.

Notes
Turn   | Place    | Note
-------+----------+-------------------------------------------
     0 | D:1      | greasedhog the Gargoyle Reaver began the quest for the Orb.
     0 | D:1      | Reached XP level 1. HP: 12/12 MP: 3/3
   138 | D:1      | Reached XP level 2. HP: 9/16 MP: 3/5
   296 | D:1      | Slain by a goblin

Illustrated notes

Levels and vault maps discovered:
D:1:      dpeg_arrival_simpleton_b, layout_rooms,
          shapermc_ecumenical_altar_mp_highgroup, minmay_misc_feat_four_crosses,
          solitary_fountain, hangedman_decor_slide_cut

Action                   || total
-------------------------++-------
Melee: Mace              ||    49
 Cast: Kiss of Death     ||     6
Armor: Leather armour    ||    25
Dodge: Dodged            ||    35

Table legend: (Time is in decaauts)
 A = Elapsed time spent in this place.
 B = Non-inter-level travel time spent in this place.
 C = Inter-level travel time spent in this place.
 D = Time resting spent in this place.
 E = Time spent auto-exploring this place.
 F = Levels seen in this place.
 G = Mean time per level.
                   A        B        C        D        E       F      G
               +--------+--------+--------+--------+--------+-----+--------+
         Total |    308 |    308 |      0 |     29 |    159 |   1 |  308.0 |
       Dungeon |    308 |    308 |      0 |     29 |    159 |   1 |  308.0 |
               +--------+--------+--------+--------+--------+-----+--------+

Top non-repeatable levels by time:
     D:1: 308 daAuts
